 Dungeon Sprint DCSS version 0.27-a0-978-g2aa4ecdaef (webtiles) character file.

Game seed: 18410880224237676608

15546 mhtbhm the Earth Mage (level 12, -16/68 HPs)
             Began as a Gargoyle Earth Elementalist on Apr 15, 2021.
             Was the Champion of Vehumet.
             Demolished by a rockslime (27 damage)
             ... in the Dungeon (Sprint V: "Ziggurat Sprint").
             The game lasted 00:13:00 (1217 turns).

mhtbhm the Earth Mage (Gargoyle Earth Elementalist) Turns: 1217, Time: 00:13:01

Health: -16/68     AC: 17    Str: 12    XL:     12   Next: 28%
Magic:  9/30       EV: 13    Int: 33    God:    Vehumet [******]
Gold:   0          SH:  0    Dex: 10    Spells: 22/40 levels left

rFire    + . .     SeeInvis .   C - +8 lance "Wyrmbane" {slay drac, rPois rF+ rC+ AC+3}
rCold    + . .     Faith    .   (no shield)
rNeg     + + .     Spirit   .   c - +2 robe {rN+}
rPois    ∞         Reflect  .   (no helmet)
rElec    +         Harm     .   (no cloak)
rCorr    .         Rampage  .   (no gloves)
Will     .....     NoTele   +   F - +1 pair of boots {Fly}
Stlth    ++++++....             s - amulet of regeneration
HPRegen  1.21/turn              v - +6 ring of intelligence
MPRegen  0.22/turn              w - +6 ring of intelligence

@: flying
A: AC +8, negative energy resistance 1, electricity resistance, torment
resistance 1, unbreathing 1, petrification resistance
a: Renounce Religion


You were in the Dungeon.
You worshipped Vehumet.
Vehumet was exalted by your worship.
You visited 1 branch

Inventory:

Hand Weapons
 y - the +7 lajatang of Order {silver, rMut}
   (You found it in the Dungeon)

   It protects you from mutation.
 C - the +8 lance "Wyrmbane" (weapon) {slay drac, rPois rF+ rC+ AC+3}
   (You found it in the Dungeon)

   It affects your AC (+3).
   It protects you from fire.
   It protects you from cold.
   It protects you from poison.
 D - the +6 shillelagh "Devastator" {shatter}
   (You found it in the Dungeon)
Missiles
 b - 25 stones
Armour
 c - a +2 robe of positive energy (worn)
 F - a +1 pair of boots of flying (worn)
Magical Staves
 E - a staff of earth
Jewellery
 s - an amulet of regeneration (around neck)
 t - the ring "Qecir" {rElec rF++ SInv Stlth+}
   (You found it in the Dungeon)

   [ring of see invisible]

   It greatly protects you from fire.
   It insulates you from electricity.
   It lets you see invisible.
   It makes you more stealthy.
 v - a +6 ring of intelligence (left hand)
 w - a +6 ring of intelligence (right hand)
 x - a ring of willpower
 G - a ring of resist corrosion
Wands
 z - a wand of mindburst (7)
 B - a wand of acid (2)
Scrolls
 i - a scroll of blinking
 n - 4 scrolls of amnesia
 o - 7 scrolls of fog
 p - a scroll of holy word
 q - 5 scrolls of identify
 r - 2 scrolls of fear
Potions
 a - 2 potions of brilliance
 d - 9 potions of curing
 e - 8 potions of heal wounds
 f - 6 potions of haste
 g - 7 potions of magic
 h - a potion of berserk rage
 j - a potion of invisibility
 k - 4 potions of resistance
 l - a potion of experience
 m - 4 potions of might
Miscellaneous
 u - a piece from Xom's chessboard (15/15)
 I - a phantom mirror
 J - a condenser vane
 K - a tin of tremorstones (1/2)
 N - a box of beasts


   Skills:
 + Level 5.0 Fighting
 + Level 7.9 Polearms
 + Level 6.0 Dodging
 * Level 16.5 Stealth
 + Level 14.6 Spellcasting
 + Level 4.1 Conjurations
 + Level 4.6 Transmutations
 + Level 1.2 Air Magic
 + Level 18.4 Earth Magic
 + Level 1.3 Poison Magic
 + Level 4.9 Evocations


You had 22 spell levels left.
You knew the following spells:

 Your Spells              Type           Power      Damage    Failure   Level
a - Sandblast             Erth           100%       2d20      0%          1
b - Passwall              Tmut/Erth      65%        N/A       1%          2
c - Stone Arrow           Conj/Erth      100%       3d13      1%          3
d - Lee's Rapid Deconstr  Erth           49%        3d24*     1%          5
e - Petrify               Tmut/Erth      79%        N/A       1%          4
f - Mephitic Cloud        Conj/Pois/Air  39%        N/A       1%          3

Your spell library contained the following spells:

 Spells                   Type           Power      Damage    Failure   Level
 Spellforged Servitor     Conj/Summ      18%        N/A       82%         7
 Corona                   Hex            26%        N/A       1%          1
 Foxfire                  Conj/Fire      100%       2x1d9     1%          1
 Magic Dart               Conj           100%       1d8       1%          1
 Sting                    Tmut/Pois      100%       1d8       1%          1
 Corpse Rot               Necr/Air       N/A        N/A       1%          2
 Poisonous Vapours        Pois/Air       64%        N/A       1%          2
 Searing Ray              Conj           100%       3d7       1%          2
 Dazzling Flash           Conj/Hex       74%        N/A       1%          3
 Ignite Poison            Fire/Tmut/Pois 37%        N/A       1%          3
 Ensorcelled Hibernation  Hex/Ice        48%        N/A       2%          2
 Fulminant Prism          Conj/Hex       18%        3d11      2%          4
 Iskenderun's Mystic Bla  Conj/Tloc      37%        2d9       2%          4
 Irradiate                Conj/Tmut      26%        3d22      2%          5
 Olgreb's Toxic Radiance  Pois           32%        N/A       3%          4
 Confusing Touch          Hex            24%        N/A       5%          3
 Tukima's Dance           Hex            24%        N/A       5%          3
 Cause Fear               Hex            12%        N/A       17%         4
 Dispel Undead            Necr           24%        3d12      17%         4
 Blade Hands              Tmut           26%        N/A       36%         6
 Agony                    Necr           24%        N/A       43%         5
 Excruciating Wounds      Necr           12%        N/A       43%         5
 Dragon Form              Tmut           26%        N/A       91%         7
 Dragon's Call            Summ           12%        N/A       100%        9
 Sublimation of Blood     Necr           Unusable   N/A       N/A         2
 Statue Form              Tmut/Erth      Unusable   N/A       N/A         6

Dungeon Overview and Level Annotations

Branches:
Dungeon (1/1)

Altars:
Ashenzari
Cheibriados
Dithmenos
Elyvilon
Fedhas
Gozag
Hepliaklqana
Kikubaaqudgha
Makhleb
Nemelex Xobeh
Okawaru
Qazlal
Ru
Sif Muna
Trog
Uskayaw
Vehumet
Wu Jian
Xom
Yredelemnul
Zin
The Shining One
Beogh
Jiyva
Lugonu

Annotations:
D 1 transporter


Innate Abilities, Weirdness & Mutations

Your stone body is resilient. (AC +8)
You are immune to poison.
You resist negative energy. (rN+)
You are resistant to electric shocks. (rElec)
You are resistant to unholy torment.
You can survive without breathing.
You are immune to petrification.


Message History

Aiming: Lee's Rapid Deconstruction (safe; 1% risk of failure)
Press: ? - help, Dir - move target, f - rockslime, p - rockslime Fragment what (e.g. wall or brittle monster)?: a rockslime (noxious fumes, moderately wounded)
The rockslime shatters!!
The rockslime is severely wounded.
The blast of rock fragments hits the rockslime but does no damage.
The rockslime is moderately wounded.
The blast of rock fragments hits the slime creature!!!
You kill the slime creature!
Vehumet accepts your kill.
You feel your power returning.
The blast of rock fragments hits the rockslime but does no damage.
The rockslime is heavily wounded.
The rockslime hits you!!
* * * LOW HITPOINT WARNING * * *
You are shoved backwards!
Your Dodging skill increases to level 6!
Unknown command.
Unknown command.
Unknown command.
Unknown command.
Casting: Lee's Rapid Deconstruction (safe; 1% risk of failure)
Confirm with . or Enter, or press ? or * to list all spells.
Aiming: Lee's Rapid Deconstruction (safe; 1% risk of failure)
Press: ? - help, Dir - move target, f/p - rockslime Fragment what (e.g. wall or brittle monster)?: a rockslime (severely wounded)
The rockslime shatters!!
You blow up the rockslime!
Vehumet accepts your kill.
You feel your power returning.
The blast of rock fragments hits the rockslime!!
The rockslime is almost dead.
The blast of rock fragments hits the rockslime but does no damage.
The rockslime is heavily wounded.
The blast of rock fragments hits the jelly!!!
You kill the jelly!
Vehumet accepts your kill.
The large slime creature is no longer petrified.
The rockslime hits you!!
You die...

▓...8©8...▓...8©8...▓..
▓..|=))").▓....=.)..▓..
▓.○☼§§)§J.▓..|.[)}..▓..
▓.§.§.§...▓.........▓..
▓..☼§☼☼§..▓.........▓..
▓....§☼☼..▓.....†...▓..
▓.........▓....|†...▓..
▓..▓.JJ▓..▓.........▓..
▓.▓...@.▓.▓.▓.††..▓.▓..
▓....©....▓....©....▓▓▓
▓▓▓▓▓▓▓▓▓▓▓▓▓▓▓▓▓▓▓▓▓


You could see a large slime creature and 2 rockslimes.

Vanquished Creatures
  2 rockslimes (D)
  2 very ugly things (D)
  2 dancing weapons (D)
  3 two-headed ogres (D)
  A fire crab (shapeshifter) (D)
  A deep elf knight (D)
  2 deep elf pyromancers (D)
  An orb spider (shapeshifter) (D)
  3 deep elf zephyrmancers (D)
  2 ugly things (D)
  A wolf spider (D)
  An elephant (shapeshifter) (D)
  A cane toad (D)
  3 komodo dragons (D)
  3 jumping spiders (D)
  A troll (D)
  3 slime creatures (D)
  A tarantella (D)
  A redback (D)
  A wyvern (D)
  A basilisk (shapeshifter) (D)
  A golden eye (D)
  A water moccasin (D)
  A floating eye (shapeshifter) (D)
  2 hell hounds (D)
  A black bear (D)
  3 ogres (D)
  A wolf (D)
  3 bullfrogs (D)
  6 scorpions (D)
  2 wights (D)
  A jelly (D)
  An orc priest (D)
  An orc wizard (D)
  2 river rats (D)
  An orc (D)
  A bat zombie (D)
  A ball python skeleton (D)
  A giant cockroach zombie (D)
  A quokka zombie (D)
  2 fire vortices (D)
69 creatures vanquished.

Vanquished Creatures (others)
  A meliai (shapeshifter) (D)
  A fire vortex (D)
2 creatures vanquished.

Grand Total: 71 creatures vanquished

Notes
Turn   | Place    | Note
-------+----------+-------------------------------------------
     0 | D        | mhtbhm the Gargoyle Earth Elementalist began the quest for
                  | the Orb.
     0 | D        | Reached XP level 1. HP: 10/10 MP: 3/3
     0 | D        | Found a blossoming altar of Fedhas.
     1 | D        | Found the +6 Majin-Bo {vamp, MP+6 Int+6}
     1 | D        | Found the +9 heavy crossbow "Sniper" {vorpal, Acc+∞ SInv}
     1 | D        | Found the +10 dark maul {vorpal}
     1 | D        | Found the +15 Maxwell's patent armour {-Cast -Tele rElec
                  | Will+ rCorr}
     1 | D        | Found the +18 shield of the Gong {rElec rN+ Will+ EV-5}
     1 | D        | Found the +14 obsidian axe {vorpal, Drain Fly SInv}
     1 | D        | Found the +7 great mace "Firestarter" {inner flame, rF++}
     1 | D        | Found the +6 shillelagh "Devastator" {shatter}
     1 | D        | Found the +11 plutonium sword {Contam Stlth-}
     1 | D        | Found the +8 lance "Wyrmbane" {slay drac, rPois rF+ rC+
                  | AC+3}
     1 | D        | Found the +9 sword of Zonguldrok {reap}
     1 | D        | Found the +13 scythe of Curses {drain, Drain}
     1 | D        | Found the +5 sword of Power {vorpal}
     1 | D        | Found the +7 mace of Variability {chain chaos}
     1 | D        | Found the +7 Singing Sword {vorpal, sonic wave}
     1 | D        | Found the +8 storm bow {elec, penet}
     1 | D        | Found a shimmering blue altar of Sif Muna.
     1 | D        | Found a sacrificial altar of Ru.
     1 | D        | Found a bloodstained altar of Trog.
     1 | D        | Found a stormy altar of Qazlal.
     1 | D        | Found an iron altar of Okawaru.
     1 | D        | Found a sparkling altar of Nemelex Xobeh.
     3 | D        | Found a transporter.
     3 | D        | Found an ancient bone altar of Kikubaaqudgha.
     3 | D        | Found a viscous altar of Jiyva.
     3 | D        | Found a corrupted altar of Lugonu.
     3 | D        | Found a hazy altar of Hepliaklqana.
     3 | D        | Found a burning altar of Makhleb.
     3 | D        | Found an opulent altar of Gozag.
    80 | D        | Became a worshipper of Vehumet
   112 | D        | Entered arena 2.
   112 | D        | Noticed a scorpion
   112 | D        | Noticed a scorpion
   112 | D        | Found a transporter.
   116 | D        | Killed a scorpion
   117 | D        | Reached skill level 1 in Transmutations
   117 | D        | Reached skill level 7 in Earth Magic
   117 | D        | Reached XP level 2. HP: 15/15 MP: 3/6
   117 | D        | Reached XP level 3. HP: 19/19 MP: 4/8
   117 | D        | Reached XP level 4. HP: 24/24 MP: 4/9
   118 | D        | Killed a scorpion
   119 | D        | Reached skill level 1 in Polearms
   119 | D        | Reached skill level 8 in Earth Magic
   119 | D        | Reached XP level 5. HP: 28/28 MP: 4/11
   166 | D        | Learned a level 2 spell: Passwall
   170 | D        | Learned a level 3 spell: Stone Arrow
   176 | D        | Learned a level 5 spell: Lee's Rapid Deconstruction
   179 | D        | Entered arena 3.
   179 | D        | Found a transporter.
   180 | D        | Reached * piety under Vehumet
   180 | D        | Offered knowledge of Foxfire by Vehumet.
   181 | D        | Reached skill level 9 in Earth Magic
   182 | D        | Reached skill level 5 in Stealth
   260 | D        | Entered arena 4.
   260 | D        | Found a transporter.
   261 | D        | Reached ** piety under Vehumet
   263 | D        | Reached skill level 10 in Earth Magic
   264 | D        | Reached skill level 5 in Spellcasting
   264 | D        | Reached XP level 6. HP: 32/32 MP: 9/13
   267 | D        | Reached skill level 11 in Earth Magic
   274 | D        | Got the ring "Qecir" {rElec rF++ SInv Stlth+}
   299 | D        | Learned a level 4 spell: Petrify
   301 | D        | Entered arena 5.
   301 | D        | Noticed a jumping spider
   301 | D        | Noticed a jumping spider
   301 | D        | Found a transporter.
   309 | D        | Killed a jumping spider
   309 | D        | Reached *** piety under Vehumet
   310 | D        | Reached skill level 1 in Fighting
   310 | D        | Reached skill level 12 in Earth Magic
   310 | D        | Reached skill level 1 in Evocations
   310 | D        | Reached XP level 7. HP: 23/38 MP: 9/16
   327 | D        | Killed a jumping spider
   328 | D        | Reached skill level 13 in Earth Magic
   328 | D        | Reached XP level 8. HP: 11/44 MP: 10/18
   390 | D        | Entered arena 6.
   390 | D        | Found a transporter.
   398 | D        | Offered knowledge of Searing Ray by Vehumet.
   398 | D        | Reached **** piety under Vehumet
   508 | D        | Entered arena 7.
   509 | D        | Found the +7 lajatang of Order {silver, rMut}
   509 | D        | Found a transporter.
   511 | D        | Reached ***** piety under Vehumet
   543 | D        | Entered arena 8.
   543 | D        | Noticed a wolf spider
   543 | D        | Noticed a tarantella
   543 | D        | Noticed a redback
   543 | D        | Noticed a jumping spider
   546 | D        | Killed a tarantella
   546 | D        | Killed a redback
   547 | D        | Reached skill level 5 in Polearms
   547 | D        | Reached skill level 5 in Dodging
   547 | D        | Reached skill level 10 in Stealth
   547 | D        | Killed a jumping spider
   547 | D        | Killed a wolf spider
   548 | D        | Reached skill level 14 in Earth Magic
   548 | D        | Reached XP level 9. HP: 49/49 MP: 15/22
   548 | D        | Found a transporter.
   569 | D        | Learned a level 3 spell: Mephitic Cloud
   571 | D        | Entered arena 9.
   571 | D        | Noticed a two-headed ogre
   571 | D        | Noticed a two-headed ogre
   571 | D        | Noticed a troll
   571 | D        | Noticed a two-headed ogre
   574 | D        | Offered knowledge of Inner Flame by Vehumet.
   574 | D        | Reached ****** piety under Vehumet
   575 | D        | Killed a two-headed ogre
   575 | D        | Killed a troll
   576 | D        | Reached skill level 10 in Spellcasting
   580 | D        | Killed a two-headed ogre
   581 | D        | Reached skill level 1 in Conjurations
   581 | D        | Reached skill level 15 in Earth Magic
   581 | D        | Reached XP level 10. HP: 56/56 MP: 14/24
   584 | D        | Found a transporter.
   586 | D        | Killed a two-headed ogre
   757 | D        | Entered arena 10.
   757 | D        | Noticed a deep elf zephyrmancer
   757 | D        | Noticed a deep elf zephyrmancer
   757 | D        | Noticed a +1 antimagic hand axe
   757 | D        | Noticed a deep elf pyromancer
   757 | D        | Noticed a +3 short sword of venom
   757 | D        | Noticed a deep elf knight
   757 | D        | Noticed a deep elf zephyrmancer
   757 | D        | Noticed a deep elf pyromancer
   760 | D        | Killed a deep elf knight
   760 | D        | Offered knowledge of Airstrike by Vehumet.
   761 | D        | Killed a deep elf zephyrmancer
   761 | D        | Killed a deep elf pyromancer
   763 | D        | Killed a +1 antimagic hand axe
   764 | D        | Reached skill level 16 in Earth Magic
   764 | D        | Reached skill level 1 in Poison Magic
   764 | D        | Killed a deep elf zephyrmancer
   765 | D        | Reached skill level 1 in Air Magic
   765 | D        | Reached XP level 11. HP: 12/60 MP: 17/27
   765 | D        | Killed a deep elf pyromancer
   767 | D        | Killed a +3 short sword of venom
   768 | D        | Found a transporter.
   772 | D        | Killed a deep elf zephyrmancer
   899 | D        | Entered arena 11.
   907 | D        | Reached skill level 15 in Stealth
   908 | D        | Offered knowledge of Hailstorm by Vehumet.
   913 | D        | Found a transporter.
  1074 | D        | Entered arena 12.
  1074 | D        | Noticed an orb spider
  1074 | D        | Noticed a fire crab
  1074 | D        | Noticed a deep troll
  1074 | D        | a deep troll changed into a floating eye
  1074 | D        | Noticed a cyan ugly thing
  1075 | D        | Noticed a white ugly thing
  1076 | D        | Noticed a white very ugly thing
  1076 | D        | Noticed a purple very ugly thing
  1078 | D        | Noticed a fire crab
  1078 | D        | a redback changed into a fire crab
  1078 | D        | Paralysed by a floating eye for 2 turns
  1080 | D        | Killed a white ugly thing
  1080 | D        | Offered knowledge of Spellforged Servitor by Vehumet.
  1081 | D        | Reached skill level 17 in Earth Magic
  1081 | D        | Killed a purple ugly thing
  1081 | D        | Noticed a lindwurm
  1081 | D        | a fire crab changed into a lindwurm
  1082 | D        | a lindwurm changed into a snapping turtle
  1084 | D        | Killed an orb spider
  1085 | D        | Killed a white very ugly thing
  1085 | D        | Killed a fire crab
  1086 | D        | Killed a white very ugly thing
  1087 | D        | Reached XP level 12. HP: 37/68 MP: 28/30
  1097 | D        | Reached skill level 18 in Earth Magic
  1167 | D        | Found a transporter.
  1197 | D        | Entered arena 13.
  1197 | D        | Noticed a rockslime
  1197 | D        | Noticed a rockslime
  1201 | D        | Noticed a rockslime
  1202 | D        | Noticed a rockslime
  1206 | D        | Found a transporter.
  1211 | D        | Killed a rockslime
  1212 | D        | Reached skill level 5 in Fighting
  1217 | D        | Killed a rockslime
  1217 | D        | Demolished by a rockslime

Illustrated notes

Levels and vault maps discovered:
D:        sprint_v [room_start, room_1, room_2, room_3, room_4, room_5, room_6,
          room_7, room_8, room_9, room_10, room_11, room_12, room_13, room_14,
          room_15, room_16, room_17, room_18, room_19, room_20, room_21,
          room_22, room_23, room_24, room_25, room_26, room_27]

Skill      XL: |  1  2  3  4  5  6  7  8  9 10 11 12 |
---------------+-------------------------------------+-----
Dodging        | 2 3 4 5 6 |  6.0
Stealth        | 3 4 6 7 8 11 12 14 16 | 16.5
Spellcasting   | 3 4 5 6 7 9 10 12 14 | 14.6
Transmutations | 1 2 3 4 |  4.6
Earth Magic    | 7 8 10 12 13 14 15 16 17 18 | 18.4
Polearms       | 1 2 3 4 5 6 7 |  7.9
Fighting       | 1 2 3 4 5 |  5.0
Evocations     | 1 2 3 4 |  4.9
Conjurations   | 1 2 3 4 |  4.1
Poison Magic   | 1 |  1.3
Air Magic      | 1 |  1.2

Action                   |  1- 3 |  4- 6 |  7- 9 | 10-12 || total
-------------------------+-------+-------+-------+-------++-------
Melee: Lance             |     2 |     6 |    36 |    13 ||    57
 Cast: Lee's Rapid Decon |       |     3 |     8 |    13 ||    24
       Stone Arrow       |       |     1 |       |    11 ||    12
       Sandblast         |       |     1 |       |     4 ||     5
       Petrify           |       |       |     5 |     6 ||    11
       Mephitic Cloud    |       |       |     2 |     2 ||     4
Evoke: Wand              |       |     5 |     3 |     4 ||    12
       Condenser vane    |       |       |       |     4 ||     4
       Tin of tremorston |       |       |       |     5 ||     5
  Use: Potion            |     2 |       |     2 |     3 ||     7
       Scroll            |       |       |       |     3 ||     3
 Stab: Invisible         |       |       |     2 |       ||     2
       Petrified         |       |       |     2 |       ||     2
       Confused          |       |       |     1 |     3 ||     4
Armor: Robe              |     1 |     8 |    18 |    15 ||    42
Dodge: Dodged            |     2 |     6 |    21 |    13 ||    42

Table legend: (Time is in decaauts)
 A = Elapsed time spent in this place.
 B = Non-inter-level travel time spent in this place.
 C = Inter-level travel time spent in this place.
 D = Time resting spent in this place.
 E = Time spent auto-exploring this place.
 F = Levels seen in this place.
 G = Mean time per level.
                   A        B        C        D        E       F      G
               +--------+--------+--------+--------+--------+-----+--------+
         Total |   1233 |   1233 |      0 |    683 |      0 |   1 | 1233.0 |
       Dungeon |   1233 |   1233 |      0 |    683 |      0 |   1 | 1233.0 |
               +--------+--------+--------+--------+--------+-----+--------+

Top non-repeatable levels by time:
       D: 1233 daAuts
